[ AOE2 MATCH · #457427438 ]
UnrankedIncas vs Muisca
Player's team · WIN
Rival team · LOSS
[ REPLAY ANALYSIS · EXTRACTED FROM THE RECORDED GAME ]
Feudal
18:21
Castle
—
Imperial
—
| APM avg | 102.6 |
| APM peak | 151 |
| eAPM avg | 44.1 |
| Villagers / military | 51 / 1 |
Focus
⚔️ 28.5% · 🌾 71.5%
Unknown (2550) ×57 · Spearman ×1
Feudal
19:06
Castle
—
Imperial
—
| APM avg | 53.4 |
| APM peak | 87 |
| eAPM avg | 32.0 |
| Villagers / military | 45 / 0 |
Focus
⚔️ 41.0% · 🌾 59.0%
Unknown (2550) ×26
Match map
Initial resources + every placement click. Lines = walls · curves = elevation contours. ◆ gold · ⬟ stone · ● berries · ✦ relic · ◌ wall gap
Your base· Open — unwalled flank
Man_at_Laptop's base· Open — 5t gap
Smoothed initial terrain · ◌ = detected wall gap · hover for details
Inputs per minute
— Catwalk Bombadad - - Man_at_Laptop
Build order — Catwalk Bombadad
141 actions detected in the replay
| 0:01 | Create | Villager (Male) |
| 0:02 | Build | House |
| 0:03 | Build | Barracks |
| 0:08 | Create | Villager (Male) |
| 0:09 | Create | Villager (Male) |
| 0:11 | Create | Villager (Male) |
| 0:11 | Create | Villager (Male) |
| 1:00 | Create | Unit 2550 |
| 1:01 | Create | Unit 2550 |
| 1:07 | Create | Villager (Male) |
| 1:07 | Create | Villager (Male) |
| 1:08 | Create | Villager (Male) |
| 1:49 | Create | Villager (Male) |
| 1:49 | Create | Villager (Male) |
| 2:14 | Create | Villager (Male) |
| 2:29 | Create | Unit 2550 |
| 2:29 | Create | Unit 2550 |
| 2:43 | Create | Villager (Male) |
| 2:43 | Create | Villager (Male) |
| 3:03 | Create | Unit 2550 |
| 3:20 | Create | Villager (Male) |
| 3:20 | Create | Villager (Male) |
| 3:36 | Build | House |
| 3:45 | Create | Villager (Male) |
| 4:22 | Create | Villager (Male) |
| 4:34 | Create | Unit 2550 |
| 4:35 | Create | Unit 2550 |
| 4:44 | Create | Villager (Male) |
| 5:09 | Create | Villager (Male) |
| 5:44 | Create | Villager (Male) |
| 5:52 | Create | Villager (Male) |
| 6:15 | Build | Settlement |
| 6:34 | Create | Villager (Male) |
| 6:41 | Create | Unit 2550 |
| 6:41 | Create | Unit 2550 |
| 6:51 | Create | Villager (Male) |
| 7:07 | Create | Unit 2550 |
| 7:07 | Create | Unit 2550 |
| 7:23 | Create | Villager (Male) |
| 7:40 | Create | Unit 2550 |
| 7:40 | Create | Unit 2550 |
| 7:46 | Build | Settlement |
| 8:03 | Create | Unit 2550 |
| 8:04 | Create | Unit 2550 |
| 8:05 | Create | Villager (Male) |
| 8:05 | Create | Villager (Male) |
| 8:40 | Create | Villager (Male) |
| 8:46 | Create | Unit 2550 |
| 8:47 | Create | Unit 2550 |
| 9:04 | Create | Unit 2550 |
| 9:04 | Create | Unit 2550 |
| 9:14 | Create | Villager (Male) |
| 9:14 | Create | Villager (Male) |
| 9:41 | Create | Unit 2550 |
| 9:41 | Create | Unit 2550 |
| 9:41 | Create | Villager (Male) |
| 9:42 | Create | Villager (Male) |
| 9:47 | Build | Farm |
| 9:51 | Create | Unit 2550 |
| 9:51 | Create | Unit 2550 |
| 9:59 | Create | Villager (Male) |
| 10:16 | Create | Unit 2550 |
| 10:17 | Create | Unit 2550 |
| 10:17 | Create | Unit 2550 |
| 10:24 | Create | Villager (Male) |
| 10:25 | Create | Villager (Male) |
| 10:25 | Create | Villager (Male) |
| 10:26 | Build | Farm |
| 10:42 | Create | Unit 2550 |
| 10:42 | Create | Unit 2550 |
| 10:44 | Create | Villager (Male) |
| 10:45 | Create | Villager (Male) |
| 10:45 | Create | Villager (Male) |
| 11:00 | Create | Villager (Male) |
| 11:03 | Build | Farm |
| 11:14 | Create | Unit 2550 |
| 11:14 | Create | Unit 2550 |
| 11:26 | Create | Unit 2550 |
| 12:08 | Create | Unit 2550 |
| 12:08 | Create | Unit 2550 |
| 12:09 | Create | Villager (Male) |
| 12:12 | Build | Farm |
| 12:14 | Build | Farm |
| 12:15 | Build | Farm |
| 12:37 | Create | Villager (Male) |
| 12:38 | Build | House |
| 13:03 | Research | Loom |
| 13:04 | Research | Loom |
| 13:39 | Create | Villager (Male) |
| 13:51 | Create | Unit 2550 |
| 14:04 | Build | Farm |
| 14:36 | Create | Villager (Male) |
| 14:38 | Create | Unit 2550 |
| 14:39 | Create | Unit 2550 |
| 14:57 | Create | Unit 2550 |
| 14:57 | Create | Unit 2550 |
| 15:26 | Create | Unit 2550 |
| 15:27 | Create | Villager (Male) |
| 15:27 | Create | Villager (Male) |
| 15:28 | Create | Villager (Male) |
| 15:28 | Create | Villager (Male) |
| 15:47 | Build | Farm |
| 15:48 | Create | Villager (Male) |
| 16:11 | Research | Feudal Age |
| 16:25 | Create | Unit 2550 |
| 16:25 | Create | Unit 2550 |
| 16:50 | Create | Unit 2550 |
| 16:52 | Build | Barracks |
| 16:54 | Build | House |
| 17:25 | Create | Unit 2550 |
| 17:27 | Create | Unit 2550 |
| 17:27 | Create | Unit 2550 |
| 17:47 | Create | Unit 2550 |
| 17:47 | Create | Unit 2550 |
| 17:48 | Create | Unit 2550 |
| 18:21 | Age | Feudal Age |
| 18:29 | Research | Tech 1402 |
| 18:29 | Research | Tech 1402 |
| 18:34 | Create | Villager (Male) |
| 18:37 | Build | Farm |
| 18:38 | Build | Farm |
| 18:40 | Build | Blacksmith |
| 18:50 | Create | Villager (Male) |
| 19:07 | Build | Farm |
| 20:19 | Create | Unit 2550 |
| 20:20 | Create | Unit 2550 |
| 20:20 | Create | Unit 2550 |
| 20:23 | Research | Forging |
| 20:23 | Research | Forging |
| 20:37 | Create | Villager (Male) |
| 20:41 | Create | Spearman |
| 20:59 | Create | Unit 2550 |
| 21:00 | Create | Unit 2550 |
| 21:18 | Research | Scale Mail Armor |
| 21:18 | Research | Scale Mail Armor |
| 21:18 | Research | Scale Mail Armor |
| 21:26 | Create | Unit 2550 |
| 21:26 | Create | Unit 2550 |
| 21:38 | Build | Farm |
| 21:46 | Create | Unit 2550 |
| 21:46 | Create | Unit 2550 |
Build order — Man_at_Laptop
132 actions detected in the replay
| 0:01 | Create | Villager (Male) |
| 0:04 | Build | House |
| 0:05 | Build | House |
| 0:08 | Create | Villager (Male) |
| 0:08 | Create | Villager (Male) |
| 0:08 | Create | Villager (Male) |
| 1:34 | Create | Villager (Male) |
| 1:34 | Create | Villager (Male) |
| 1:54 | Build | Settlement |
| 1:56 | Build | Palisade Wall |
| 2:02 | Create | Villager (Male) |
| 2:27 | Create | Villager (Male) |
| 2:27 | Create | Villager (Male) |
| 2:54 | Create | Villager (Male) |
| 2:54 | Create | Villager (Male) |
| 3:18 | Create | Villager (Male) |
| 3:18 | Create | Villager (Male) |
| 3:39 | Create | Villager (Male) |
| 3:40 | Create | Villager (Male) |
| 4:21 | Build | House |
| 4:38 | Create | Villager (Male) |
| 4:54 | Build | Barracks |
| 5:03 | Create | Villager (Male) |
| 5:27 | Create | Villager (Male) |
| 5:47 | Build | Palisade Wall |
| 5:56 | Research | Loom |
| 6:13 | Create | Villager (Male) |
| 6:34 | Create | Unit 2550 |
| 6:35 | Create | Unit 2550 |
| 6:35 | Create | Unit 2550 |
| 6:38 | Create | Villager (Male) |
| 6:44 | Create | Unit 2550 |
| 6:44 | Create | Unit 2550 |
| 6:45 | Create | Villager (Male) |
| 6:50 | Build | House |
| 6:59 | Build | Palisade Wall |
| 7:10 | Create | Unit 2550 |
| 7:19 | Create | Unit 2550 |
| 7:22 | Build | House |
| 7:28 | Build | Farm |
| 7:31 | Build | Farm |
| 7:53 | Create | Unit 2550 |
| 7:54 | Create | Villager (Male) |
| 7:58 | Create | Villager (Male) |
| 8:20 | Create | Unit 2550 |
| 8:23 | Build | Farm |
| 8:36 | Build | House |
| 8:51 | Create | Villager (Male) |
| 9:05 | Build | House |
| 9:16 | Build | Palisade Wall |
| 9:17 | Build | Palisade Wall |
| 9:29 | Build | Farm |
| 9:31 | Build | Farm |
| 9:33 | Build | Farm |
| 9:33 | Create | Villager (Male) |
| 9:38 | Build | House |
| 9:39 | Build | House |
| 9:53 | Build | House |
| 10:16 | Create | Unit 2550 |
| 10:17 | Create | Unit 2550 |
| 10:17 | Create | Unit 2550 |
| 10:17 | Create | Unit 2550 |
| 10:17 | Create | Unit 2550 |
| 10:18 | Create | Villager (Male) |
| 10:29 | Build | Palisade Wall |
| 10:30 | Build | House |
| 10:33 | Build | House |
| 10:47 | Build | Palisade Wall |
| 10:53 | Build | House |
| 10:56 | Build | House |
| 11:02 | Create | Villager (Male) |
| 11:09 | Build | House |
| 11:23 | Build | Farm |
| 11:31 | Create | Villager (Male) |
| 11:38 | Create | Villager (Male) |
| 11:44 | Build | House |
| 11:57 | Create | Villager (Male) |
| 12:09 | Build | Farm |
| 12:10 | Create | Villager (Male) |
| 12:13 | Create | Villager (Male) |
| 12:15 | Build | Farm |
| 12:17 | Build | House |
| 12:23 | Build | Farm |
| 12:40 | Create | Villager (Male) |
| 12:42 | Build | House |
| 12:48 | Create | Villager (Male) |
| 13:22 | Create | Villager (Male) |
| 13:25 | Build | House |
| 13:28 | Build | House |
| 13:29 | Build | Palisade Wall |
| 13:42 | Create | Unit 2550 |
| 13:42 | Create | Unit 2550 |
| 14:00 | Build | Settlement |
| 14:07 | Build | Settlement |
| 14:27 | Create | Villager (Male) |
| 14:33 | Create | Villager (Male) |
| 14:38 | Build | Farm |
| 14:44 | Build | Farm |
| 14:52 | Build | House |
| 15:01 | Build | Palisade Wall |
| 15:05 | Build | Palisade Wall |
| 15:10 | Build | Palisade Wall |
| 15:19 | Create | Unit 2550 |
| 15:20 | Create | Unit 2550 |
| 15:20 | Create | Unit 2550 |
| 15:38 | Create | Villager (Male) |
| 15:45 | Create | Villager (Male) |
| 16:03 | Build | Settlement |
| 16:15 | Create | Unit 2550 |
| 16:29 | Create | Villager (Male) |
| 16:36 | Create | Unit 2550 |
| 16:38 | Build | Palisade Wall |
| 16:48 | Research | Feudal Age |
| 17:08 | Create | Unit 2550 |
| 17:31 | Create | Unit 2550 |
| 17:31 | Create | Unit 2550 |
| 17:46 | Create | Villager (Male) |
| 17:55 | Create | Unit 2550 |
| 18:26 | Create | Unit 2550 |
| 19:06 | Age | Feudal Age |
| 19:11 | Research | Tech 1402 |
| 19:17 | Build | Archery Range |
| 19:20 | Build | Blacksmith |
| 19:25 | Build | Watch Tower |
| 19:36 | Build | House |
| 19:39 | Build | Palisade Wall |
| 19:46 | Create | Villager (Male) |
| 19:52 | Create | Villager (Male) |
| 20:07 | Build | House |
| 20:38 | Create | Villager (Male) |
| 20:49 | Build | Palisade Wall |
| 21:07 | Create | Villager (Male) |
Match timeline
| 0:03 | Catwalk Bombadad · first_building Barracks |
| 1:56 | Man_at_Laptop · wall_segment Palisade Wall x1 |
| 4:54 | Man_at_Laptop · first_building Barracks |
| 5:47 | Man_at_Laptop · wall_segment Palisade Wall x1 |
| 6:59 | Man_at_Laptop · wall_segment Palisade Wall x1 |
| 9:16 | Man_at_Laptop · wall_segment Palisade Wall x1 |
| 9:17 | Man_at_Laptop · wall_segment Palisade Wall x1 |
| 10:29 | Man_at_Laptop · wall_segment Palisade Wall x3 |
| 10:47 | Man_at_Laptop · wall_segment Palisade Wall x1 |
| 13:29 | Man_at_Laptop · wall_segment Palisade Wall x1 |
| 15:01 | Man_at_Laptop · wall_segment Palisade Wall x2 |
| 15:05 | Man_at_Laptop · wall_segment Palisade Wall x1 |
| 15:10 | Man_at_Laptop · wall_segment Palisade Wall x1 |
| 16:38 | Man_at_Laptop · wall_segment Palisade Wall x1 |
| 18:21 | Catwalk Bombadad · age_up feudal |
| 19:06 | Man_at_Laptop · age_up feudal |
| 19:17 | Man_at_Laptop · first_building Archery Range |
| 19:39 | Man_at_Laptop · wall_segment Palisade Wall x1 |
| 20:49 | Man_at_Laptop · wall_segment Palisade Wall x1 |
| 21:55 | Man_at_Laptop · resign |
[ AI ANALYSIS · 1 CREDIT ]
What really happened in this match?
Wolo.gg analyzes every decision: build order, eco, micro, common mistakes by bracket. Personalized analysis on WhatsApp or Discord in 30 seconds.
Civ guide
Incas
Perfil
Jugador #3423351